 Dungeon Crawl Stone Soup version 0.31-a0-355-g57cb03d3e8 (console) character file.

Game seed: 301325558861959026

73153 jejorda2 the Grappler (level 15, -2/120 HPs)
             Began as a Gnoll Berserker on July 24, 2023.
             Was an Elder of Trog.
             Drowned by a water elemental (8 damage)
             ... on level 14 of the Dungeon.
             The game lasted 01:04:30 (20977 turns).

jejorda2 the Grappler (Gnoll Berserker)            Turns: 20977, Time: 01:04:31

Health: -2/120     AC: 20    Str: 28    XL:     15   Next: 42%
Magic:  29/29      EV: 17    Int:  8    God:    Trog [****..]
Gold:   1575       SH: 11    Dex: 11    Spells: 34/34 levels left

rFire   + + .        a - +10 whip of Lerammitz {elec, Str+3}
rCold   + + .        C - +0 kite shield
rNeg    + . .        R - +3 chain mail
rPois   .            K - +1 helmet "Ownean" {rC+ rN+ Str+2}
rElec   .            T - scarf {rC+ rF+}
rCorr   .            z - +1 pair of gloves
SInv    .            (no boots)
Will    +....        M - amulet of regeneration
Stlth   ++           G - +5 ring of evasion
HPRegen 1.20/turn    P - ring of protection from fire
MPRegen 0.21/turn

%: no passive effects
@: engulfed (cannot breathe)
A: fangs 1, strong nose, distributed training
a: Renounce Religion, Berserk, Trog's Hand, Brothers in Arms


You were on level 14 of the Dungeon.
You worshipped Trog.
Trog was greatly pleased with you.
You visited 2 branches of the dungeon, and saw 19 of its levels.
You also visited: Ice Cave.

You collected 1768 gold pieces.
You spent 193 gold pieces at shops.

Inventory:

Hand Weapons
 a - the +10 whip of Lerammitz (weapon) {elec, Str+3}
   (You found it on level 5 of the Dungeon)

   Str:       It affects your strength (+3).
 i - a +0 heavy demon trident
Missiles
 b - 116 stones
 y - 5 datura-tipped darts
 A - 34 poisoned darts (quivered)
 F - 6 boomerangs
Armour
 z - a +1 pair of gloves (worn)
 C - a +0 kite shield (worn)
 K - the +1 helmet "Ownean" (worn) {rC+ rN+ Str+2}
   (You found it on level 5 of the Lair of Beasts)

   Str:       It affects your strength (+2).
   rC:        It protects you from cold.
   rN:        It protects you from negative energy.
 R - a +3 chain mail (worn)
 T - a scarf of resistance (worn)
Jewellery
 t - a ring of resist corrosion
 G - a +5 ring of evasion (left hand)
 I - a ring of flight
 M - an amulet of regeneration (around neck)
 P - a ring of protection from fire (right hand)
Wands
 m - a wand of roots (23)
 p - a wand of light (13)
 v - a wand of digging (2)
 w - a wand of flame (16)
 S - a wand of paralysis (3)
Scrolls
 e - 2 scrolls of revelation
 j - 2 scrolls of fog
 k - 2 scrolls of fear
 B - 3 scrolls of enchant weapon
 N - 2 scrolls of summoning
Potions
 c - 3 potions of enlightenment
 d - 5 potions of mutation
 f - 5 potions of ambrosia
 h - 4 potions of attraction
 l - 3 potions of might
 n - 2 potions of invisibility {unknown}
 q - 7 potions of curing
 r - 2 potions of berserk rage {unknown}
 s - 2 potions of lignification
 u - a potion of haste {unknown}
 D - a potion of experience {unknown}
 H - 2 potions of cancellation {unknown}
 O - a potion of brilliance {unknown}
 Q - a potion of resistance {unknown}
Miscellaneous
 g - a piece from Xom's chessboard (15/15)
 J - a phial of floods


   Skills:
 + Level 12.1 Fighting
 + Level 10.2 Short Blades
 + Level 10.2 Long Blades
 + Level 10.2 Axes
 + Level 10.2 Maces & Flails
 + Level 10.2 Polearms
 + Level 10.2 Staves
 + Level 10.2 Ranged Weapons
 + Level 10.2 Throwing
 + Level 11.2 Armour
 + Level 11.2 Dodging
 + Level 10.2 Stealth
 + Level 10.2 Shields
 + Level 12.1 Unarmed Combat
 + Level 10.2 Spellcasting
 + Level 8.6 Conjurations
 + Level 8.6 Hexes
 + Level 8.6 Summonings
 + Level 8.6 Necromancy
 + Level 8.6 Translocations
 + Level 8.6 Transmutations
 + Level 8.6 Fire Magic
 + Level 8.6 Ice Magic
 + Level 8.6 Air Magic
 + Level 8.6 Earth Magic
 + Level 8.6 Poison Magic
 + Level 11.1 Invocations
 + Level 10.2 Evocations
 + Level 8.6 Shapeshifting


You had 34 spell levels left.
You didn't know any spells.
Your spell library was empty.

Dungeon Overview and Level Annotations

Branches:
Dungeon (14/15)            Temple (0/1) D:5            Lair (5/5) D:9
  Swamp (0/4) Lair:2        Snake (0/4) Lair:2        Slime (0/5) Lair:5
    Orc (0/2) D:12          IceCv (visited)
 Vaults: D:13-14

Altars:
Fedhas
Trog
Xom
Jiyva

Shops:
D:7 (!   D:8 [   D:9 *

Portals:
Abyss: Lair:3

Annotations:
Lair:3 2 transporters, bobarctor's ghost, journeyman TrBe


Innate Abilities, Weirdness & Mutations

You have very sharp teeth.
Your uncanny sense of smell can sniff out nearby items.
Your experience applies equally to all skills.


Message History

Your lungs strain for air!
The centaur warrior closely misses you.
The centaur warrior kicks you but does no damage.
The water elemental hits you.
The electric eel shoots out a bolt of lightning at you!
The bolt of electricity misses you.
The bolt of electricity hits the water elemental.
The water elemental resists.
The centaur warrior attacks as you move away!
The centaur warrior hits you but does no damage.
The centaur warrior misses you.
Your lungs strain for air!
The centaur warrior wields a +3 shortbow.
The centaur warrior shoots an arrow.
The arrow hits you!
* * * LOW HITPOINT WARNING * * *
You block the water elemental's attack.
The electric eel shoots out a bolt of lightning at you!
The bolt of electricity misses you.
Unknown command.
You cannot call out to Trog while unable to breathe.
* * * LOW HITPOINT WARNING * * *
Your lungs strain for air!
You block the water elemental's attack.
The centaur warrior unwields a +3 shortbow.
The centaur warrior barely misses you.
The centaur warrior kicks you but does no damage.
You cannot call out to Trog while unable to breathe.
* * * LOW HITPOINT WARNING * * *
Your lungs strain for air!
The water elemental closely misses you.
The electric eel shoots out a bolt of lightning at you!
The bolt of electricity hits the water elemental.
The water elemental resists.
The bolt of electricity hits you!
* * * LOW HITPOINT WARNING * * *
Okay, then.
Unknown command.
The centaur warrior attacks as you move away!
The centaur warrior misses you. The centaur warrior kicks you.
* * * LOW HITPOINT WARNING * * *
You die...

P~~~P~..~~~~♣
♣~~~~~~...~~~♣
~~~~~~....P~~
♣~P~~~P...P~♣♣
♣~~≈~~~...S~P♣
#♣~~~~~~....~~♣
#.#~~≈≈~~~....P~♣
#.##~~~≈~~~@.~P~♣
######.###~~≈≈~.E.S~~#
..........♣P~~~~c..♣##
........##♣~~P~~...#
..........♣~~~~♣...#
...........†P~~~#.##
..........#♣~~~~!.#
........####♣~♣#.##
.>##...## #♣##.#


You could see a centaur warrior, a water elemental and 2 electric eels.

Vanquished Creatures
  Gastronok (Lair:1)
  Nessos (Lair:4)
  The ghost of Geyrauw the Spear-Bearer, a journeyman GnRe of Gozag (Lair:5)
  A white draconian (IceCv)
  Josephine (D:14)
  3 catoblepae (Lair:5)
  4 centaur warriors
  3 boulder beetles
  4 hydras
  17 death yaks (Lair:5)
  3 two-headed ogres
  2 skysharks
  Pikel (D:5)
  A lindwurm (Lair:5)
  2 ugly things
  4 manticores
  3 elephants (Lair:5)
  2 moths of wrath (Lair:5)
  The ghost of HallandMoats the Eye of the Storm, a novice DsMo of Qazlal (D:5)
  2 ice statues (IceCv)
  11 black mambas
  Maggie (D:8)
  A gargoyle (D:12)
  A torpor snail (Lair:5)
  8 rime drakes
  3 cane toads
  6 komodo dragons
  2 unseen horrors
  4 trolls
  Grinder (D:6)
  5 polar bears
  A tyrant leech (Lair:2)
  4 meliai (D:14)
  12 dream sheep (Lair:5)
  2 hornets (Lair:5)
  9 blink frogs
  A centaur simulacrum (D:14)
  7 spriggans
  3 shadows
  8 wyverns
  68 yaks
  9 wraiths
  3 steam dragons
  5 vampire mosquitoes
  6 basilisks
  2 wargs (D:9)
  2 acid dragons
  Menkaure (D:5)
  17 water moccasins
  2 ice beasts
  2 black bears
  6 orc warriors
  A sky beast (D:6)
  3 ogres
  5 centaurs
  10 wolves
  2 lemures (D:5)
  A phantom (D:7)
  A kobold brigand (D:9)
  Blork the orc (D:4)
  6 bullfrogs
  A gnoll sergeant (D:9)
  5 scorpions
  3 necrophages (D:5)
  A water moccasin zombie (D:5)
  8 wights
  38 killer bees
  2 lindwurm simulacra (IceCv)
  2 electric eels
  8 howler monkeys
  4 crimson imps (D:11)
  4 komodo dragon simulacra (IceCv)
  2 jellies (D:5)
  11 orc priests
  3 hounds
  Terence (D:2)
  A sleepcap (D:5)
  An iguana (D:5)
  A scorpion zombie (D:5)
  8 orc wizards
  A hound zombie (D:5)
  13 gnolls
  7 acid dragon simulacra (IceCv)
  5 adders
  A shadow imp (D:5)
  12 white imps (Lair:2)
  8 steam dragon simulacra (IceCv)
  An ufetubus (D:5)
  4 worms
  6 dart slugs
  51 orcs
  6 ball pythons
  7 endoplasms
  2 giant cockroaches (D:1)
  13 goblins
  5 hobgoblins
  6 jackals (D:3)
  8 kobolds
  9 quokkas
  5 bats
  A frilled lizard (D:1)
  4 rats
579 creatures vanquished.

Vanquished Creatures (collateral kills)
  An oklob plant (Lair:3)
1 creature vanquished.

Vanquished Creatures (others)
  A yak (Lair:5)
  An orc wizard (D:7)
2 creatures vanquished.

Grand Total: 582 creatures vanquished

Notes
Turn   | Place    | Note
-------+----------+-------------------------------------------
     0 | D:1      | jejorda2 the Gnoll Berserker began the quest for the Orb.
     0 | D:1      | Reached XP level 1. HP: 23/23 MP: 1/1
    62 | D:1      | Reached XP level 2. HP: 29/29 MP: 2/2
   447 | D:1      | Reached XP level 3. HP: 35/35 MP: 3/3
   763 | D:1      | Reached ** piety under Trog
   902 | D:2      | Noticed Terence
   929 | D:2      | Reached skill level 1 in Invocations
  1002 | D:2      | Reached skill level 1 in Short Blades
  1002 | D:2      | Reached skill level 1 in Long Blades
  1002 | D:2      | Reached skill level 1 in Axes
  1002 | D:2      | Reached skill level 1 in Maces & Flails
  1002 | D:2      | Reached skill level 1 in Polearms
  1002 | D:2      | Reached skill level 1 in Staves
  1002 | D:2      | Reached skill level 1 in Ranged Weapons
  1002 | D:2      | Reached skill level 1 in Throwing
  1002 | D:2      | Reached skill level 1 in Stealth
  1002 | D:2      | Reached skill level 1 in Shields
  1002 | D:2      | Reached skill level 1 in Spellcasting
  1002 | D:2      | Reached skill level 1 in Evocations
  1037 | D:2      | Killed Terence
  1038 | D:2      | Reached XP level 4. HP: 41/41 MP: 5/5
  1139 | D:2      | Noticed an ogre
  1144 | D:2      | Killed an ogre
  1145 | D:2      | Reached skill level 1 in Conjurations
  1145 | D:2      | Reached skill level 1 in Hexes
  1145 | D:2      | Reached skill level 1 in Summonings
  1145 | D:2      | Reached skill level 1 in Necromancy
  1145 | D:2      | Reached skill level 1 in Translocations
  1145 | D:2      | Reached skill level 1 in Transmutations
  1145 | D:2      | Reached skill level 1 in Fire Magic
  1145 | D:2      | Reached skill level 1 in Ice Magic
  1145 | D:2      | Reached skill level 1 in Air Magic
  1145 | D:2      | Reached skill level 1 in Earth Magic
  1145 | D:2      | Reached skill level 1 in Poison Magic
  1145 | D:2      | Reached skill level 1 in Shapeshifting
  1145 | D:2      | Reached XP level 5. HP: 47/47 MP: 5/7
  1167 | D:2      | Found a faded altar of an unknown god.
  1378 | D:2      | You fall into a shaft and drop 2 floors!
  1560 | D:4      | Reached XP level 6. HP: 53/53 MP: 8/8
  1963 | D:2      | Reached skill level 5 in Armour
  1963 | D:2      | Reached skill level 5 in Dodging
  2554 | D:3      | Reached *** piety under Trog
  2989 | D:4      | Noticed Blork the orc
  2995 | D:4      | Killed Blork the orc
  3093 | D:4      | Reached XP level 7. HP: 60/60 MP: 10/10
  3355 | D:4      | Found a shimmering altar of Xom.
  3400 | D:5      | Entered Level 5 of the Dungeon
  3421 | D:5      | Found a staircase to the Ecumenical Temple.
  3725 | D:5      | Noticed Pikel
  3742 | D:5      | Killed Pikel
  3743 | D:5      | Reached XP level 8. HP: 67/67 MP: 10/12
  4014 | D:5      | Found a blossoming altar of Fedhas.
  4082 | D:5      | Found a runed translucent gate.
  4082 | D:5      | Noticed HallandMoats's ghost (novice DsMo)
  4083 | D:5      | Found a runed translucent gate.
  4083 | D:5      | Identified the +1 dagger of Corporal Punishment {flame,
                  | *Rage rN+ Str+3 Int+2}
  4085 | D:5      | Found a runed translucent gate.
  4123 | D:5      | Noticed Menkaure
  4125 | D:5      | Identified the +10 whip of Lerammitz {elec, Str+3}
  4132 | D:5      | Killed Menkaure
  4336 | D:5      | Killed HallandMoats's ghost
  4337 | D:5      | Reached XP level 9. HP: 57/73 MP: 14/14
  4394 | D:5      | Identified the +0 hat of Pemp {Harm Slay+3}
  4401 | D:5      | Identified the +2 robe of the Gate {Dex+3}
  4580 | D:6      | Noticed Grinder
  4586 | D:6      | Killed Grinder
  5049 | D:6      | Identified the +6 great mace of Idwiabb {flame, rElec Int+3
                  | Dex+4}
  5091 | D:6      | Killed an unseen horror
  5092 | D:6      | Reached skill level 5 in Invocations
  5829 | D:7      | Noticed a troll
  5836 | D:7      | Killed a troll
  5953 | D:7      | Reached XP level 10. HP: 80/80 MP: 17/17
  5977 | D:7      | Reached skill level 5 in Short Blades
  5977 | D:7      | Reached skill level 5 in Long Blades
  5977 | D:7      | Reached skill level 5 in Axes
  5977 | D:7      | Reached skill level 5 in Maces & Flails
  5977 | D:7      | Reached skill level 5 in Polearms
  5977 | D:7      | Reached skill level 5 in Staves
  5977 | D:7      | Reached skill level 5 in Ranged Weapons
  5977 | D:7      | Reached skill level 5 in Throwing
  5977 | D:7      | Reached skill level 5 in Stealth
  5977 | D:7      | Reached skill level 5 in Shields
  5977 | D:7      | Reached skill level 5 in Spellcasting
  5977 | D:7      | Reached skill level 5 in Evocations
  6462 | D:7      | Found Gorch's Distillery.
  6463 | D:7      | Found Quonkuth's Antique Weapon Emporium.
  6526 | D:7      | Bought a potion of mutation for 112 gold pieces
  6526 | D:7      | Bought a potion of curing for 42 gold pieces
  6557 | D:8      | Found Ruitriq's Antique Armour Shop.
  6585 | D:8      | Reached **** piety under Trog
  6930 | D:8      | Noticed Maggie
  6937 | D:8      | Killed Maggie
  7163 | D:8      | Reached XP level 11. HP: 54/87 MP: 19/19
  7553 | D:9      | Reached skill level 5 in Conjurations
  7553 | D:9      | Reached skill level 5 in Hexes
  7553 | D:9      | Reached skill level 5 in Summonings
  7553 | D:9      | Reached skill level 5 in Necromancy
  7553 | D:9      | Reached skill level 5 in Translocations
  7553 | D:9      | Reached skill level 5 in Transmutations
  7553 | D:9      | Reached skill level 5 in Fire Magic
  7553 | D:9      | Reached skill level 5 in Ice Magic
  7553 | D:9      | Reached skill level 5 in Air Magic
  7553 | D:9      | Reached skill level 5 in Earth Magic
  7553 | D:9      | Reached skill level 5 in Poison Magic
  7553 | D:9      | Reached skill level 5 in Shapeshifting
  7618 | D:9      | Found Seys's Changing Room.
  7626 | D:9      | Bought a potion of lignification for 39 gold pieces
  7706 | D:9      | Found a staircase to the Lair.
  8000 | D:9      | Noticed a two-headed ogre
  8006 | D:9      | Killed a two-headed ogre
  8301 | D:10     | Entered Level 10 of the Dungeon
  9312 | D:11     | Noticed a purple ugly thing
  9326 | D:11     | Killed a purple ugly thing
  9395 | D:11     | Noticed a boulder beetle
  9412 | D:11     | Killed a boulder beetle
  9551 | D:11     | Noticed a two-headed ogre
  9562 | D:11     | Killed a two-headed ogre
  9742 | D:11     | Found a shimmering altar of Xom.
 10345 | D:12     | Reached XP level 12. HP: 80/97 MP: 22/22
 10719 | D:12     | Found a staircase to the Orcish Mines.
 11278 | Lair:1   | Entered Level 1 of the Lair of Beasts
 12103 | Lair:1   | Reached skill level 10 in Fighting
 12103 | Lair:1   | Reached skill level 10 in Unarmed Combat
 12402 | Lair:1   | Noticed Gastronok
 12415 | Lair:1   | Killed Gastronok
 12601 | Lair:1   | Reached ***** piety under Trog
 13356 | Lair:2   | Identified the +9 double sword "Igud" {heavy, rF+ SInv}
                  | (Trog gifted it to you on level 2 of the Lair of Beasts)
 13356 | Lair:2   | Received a gift from Trog
 13365 | Lair:2   | Found a frozen archway.
 13441 | IceCv    | Entered an ice cave
 13525 | IceCv    | Reached XP level 13. HP: 102/104 MP: 23/25
 14216 | IceCv    | Noticed a white draconian
 14239 | IceCv    | Killed a white draconian
 14427 | Lair:2   | You fall into a shaft and drop 2 floors!
 14648 | Lair:3   | Found a transporter.
 14755 | Lair:3   | Noticed bobarctor's ghost (journeyman TrBe)
 15056 | Lair:2   | Found a staircase to the Snake Pit.
 15615 | Lair:2   | Found a staircase to the Swamp.
 15882 | Lair:3   | Found a transporter.
 16125 | Lair:3   | Found a one-way gate to the infinite horrors of the Abyss.
 16594 | Lair:4   | Reached skill level 10 in Armour
 16594 | Lair:4   | Reached skill level 10 in Dodging
 16649 | Lair:4   | Noticed Nessos
 16698 | Lair:4   | Killed Nessos
 16790 | Lair:4   | Reached XP level 14. HP: 99/113 MP: 25/27
 17616 | Lair:5   | Entered Level 5 of the Lair of Beasts
 17616 | Lair:5   | Found a transporter.
 17775 | Lair:5   | Reached skill level 10 in Invocations
 18550 | Lair:5   | Found a viscous altar of Jiyva.
 18550 | Lair:5   | Found a staircase to the Slime Pits.
 18792 | Lair:5   | Noticed Geyrauw's ghost (journeyman GnRe)
 18858 | Lair:5   | Found a bloodstained altar of Trog.
 18858 | Lair:5   | Found a transporter.
 19165 | Lair:5   | HP: 2/114 [death yak (11)]
 19370 | Lair:5   | Reached XP level 15. HP: 120/120 MP: 28/28
 19756 | Lair:5   | Killed Geyrauw's ghost
 19757 | Lair:5   | Reached skill level 10 in Short Blades
 19757 | Lair:5   | Reached skill level 10 in Long Blades
 19757 | Lair:5   | Reached skill level 10 in Axes
 19757 | Lair:5   | Reached skill level 10 in Maces & Flails
 19757 | Lair:5   | Reached skill level 10 in Polearms
 19757 | Lair:5   | Reached skill level 10 in Staves
 19757 | Lair:5   | Reached skill level 10 in Ranged Weapons
 19757 | Lair:5   | Reached skill level 10 in Throwing
 19757 | Lair:5   | Reached skill level 10 in Stealth
 19757 | Lair:5   | Reached skill level 10 in Shields
 19757 | Lair:5   | Reached skill level 10 in Spellcasting
 19757 | Lair:5   | Reached skill level 10 in Evocations
 19892 | Lair:5   | Identified the +1 helmet "Ownean" {rC+ rN+ Str+2}
 20768 | D:14     | Noticed Josephine
 20786 | D:14     | Killed Josephine
 20977 | D:14     | HP: 6/120 [centaur warrior (2)]
 20977 | D:14     | Drowned by a water elemental

Illustrated notes

Levels and vault maps discovered:
D:1:      ncdulo_wetmaze, layout_basic
D:2:      layout_basic, shapermc_ecumenical_altar_rom_forum, st_stairs_12,
          uniq_terence
D:3:      layout_loops_corners
D:4:      layout_basic, kennysheep_little_box, uniq_blork_the_orc
D:5:      layout_cave_pools, fedhas_altar_decomposition,
          minmay_temple_entry_stoned_glass, biasface_ghost_orc_armoury,
          kennysheep_path_1, uniq_menkaure, uniq_pikel
D:6:      layout_loops_ring, minmay_small_thing, uniq_grinder
D:7:      layout_rooms, serial_shops, nicolae_shop_tiny_glass,
          nicolae_stop_n_shop_2, minmay_misc_feat_hallway
D:8:      layout_gridville, serial_shops, nicolae_shop_tiny_waterfront,
          amcnicky_mini_pool_medium, uniq_maggie
D:9:      layout_loops_ring, erik_lair_orcish_takeover,
          nicolae_transmutations_shop
D:10:     layout_long_grid, minmay_misc_feat_nine_boxes
D:11:     layout_basic, led_xom_imps
D:12:     layout_roguey, orc_david_3
D:13:     layout_rooms
D:14:     layout_rooms, skrybe_vaults_entry_preservation, serial_bayou,
          serial_bayou_lagoon_b, serial_bayou_ford_a, serial_bayou_pond_d,
          serial_bayou_lagoon_a, nicolae_dithmenos_shadow_blocks,
          uniq_josephine, uniq_azrael
Lair:1:   wad_woods_minihive, layout_small_grid, minivault_23, uniq_gastronok
Lair:2:   layout_long_grid, minmay_swamp_entry_worms,
          minmay_snake_entry_six_corridors, portal_ice_cave_entry_imps
Lair:3:   layout_chaotic_city, gammafunk_ghost_abyssal_escape,
          minmay_lair_oklob_bushes, grunt_forest_stairs_clearing,
          infiniplex_staircase_pool, serial_bayou_shore_b, lemuel_fruit_fields
Lair:4:   layout_cave_pods, uniq_nessos
Lair:5:   evilmike_catoblepas_cave, layout_layer_cave, dpeg_slime_entry_corner,
          gammafunk_ghost_wrathful_warriors

Skill      XL: |  1  2  3  4  5  6  7  8  9 10 11 12 13 14 15 |
---------------+----------------------------------------------+-----
Invocations    | 1 2 3 4 5 6 7 8 9 10 11 | 11.1
Short Blades   | 1 2 3 4 5 7 8 9 10 | 10.2
Long Blades    | 1 2 3 4 5 7 8 9 10 | 10.2
Axes           | 1 2 3 4 5 7 8 9 10 | 10.2
Maces & Flails | 1 2 3 4 5 7 8 9 10 | 10.2
Polearms       | 1 2 3 4 5 7 8 9 10 | 10.2
Staves         | 1 2 3 4 5 7 8 9 10 | 10.2
Ranged Weapons | 1 2 3 4 5 7 8 9 10 | 10.2
Throwing       | 1 2 3 4 5 7 8 9 10 | 10.2
Stealth        | 1 2 3 4 5 7 8 9 10 | 10.2
Shields        | 1 2 3 4 5 7 8 9 10 | 10.2
Spellcasting   | 1 2 3 4 5 7 8 9 10 | 10.2
Evocations     | 1 2 3 4 5 7 8 9 10 | 10.2
Conjurations   | 1 2 3 4 5 6 7 8 |  8.6
Hexes          | 1 2 3 4 5 6 7 8 |  8.6
Summonings     | 1 2 3 4 5 6 7 8 |  8.6
Necromancy     | 1 2 3 4 5 6 7 8 |  8.6
Translocations | 1 2 3 4 5 6 7 8 |  8.6
Transmutations | 1 2 3 4 5 6 7 8 |  8.6
Fire Magic     | 1 2 3 4 5 6 7 8 |  8.6
Ice Magic      | 1 2 3 4 5 6 7 8 |  8.6
Air Magic      | 1 2 3 4 5 6 7 8 |  8.6
Earth Magic    | 1 2 3 4 5 6 7 8 |  8.6
Poison Magic   | 1 2 3 4 5 6 7 8 |  8.6
Shapeshifting  | 1 2 3 4 5 6 7 8 |  8.6
Armour         | 5 6 7 8 9 10 11 | 11.2
Dodging        | 5 6 7 8 9 10 11 | 11.2
Fighting       | 7 8 9 10 11 12 | 12.1
Unarmed Combat | 7 8 9 10 11 12 | 12.1

Action                     |  1- 3 |  4- 6 |  7- 9 | 10-12 | 13-15 || total
---------------------------+-------+-------+-------+-------+-------++-------
  Melee: Unarmed           |    81 |   142 |   103 |       |       ||   326
         Bite              |     6 |    23 |    25 |    87 |   168 ||   309
         Punch             |     1 |     6 |     6 |       |       ||    13
         Whip              |       |       |   104 |   742 |  1062 ||  1908
  Throw: Dart              |       |       |       |    22 |    30 ||    52
 Invoke: Berserk           |     1 |     4 |     4 |     9 |    15 ||    33
         Trog's Hand       |       |       |     3 |     9 |    13 ||    25
         Brothers in Arms  |       |       |       |       |     2 ||     2
  Evoke: Wand              |       |       |       |    13 |    28 ||    41
         Phial of floods   |       |       |       |       |     1 ||     1
    Use: Scroll            |       |     2 |     8 |     9 |     6 ||    25
         Potion            |       |       |       |     1 |    10 ||    11
   Stab: Sleeping          |     2 |       |       |       |     1 ||     3
         Invisible         |       |       |       |       |     3 ||     3
         Petrified         |       |       |       |       |     1 ||     1
 Armour: Animal skin       |     8 |       |       |       |       ||     8
         Chain mail        |       |    48 |    77 |     4 |   136 ||   265
         Plate armour      |       |       |       |   222 |   236 ||   458
  Dodge: Dodged            |    43 |    61 |    57 |   264 |   517 ||   942
  Block: Kite shield       |       |       |    14 |   308 |   460 ||   782

Table legend: (Time is in decaauts)
 A = Elapsed time spent in this place.
 B = Non-inter-level travel time spent in this place.
 C = Inter-level travel time spent in this place.
 D = Time resting spent in this place.
 E = Time spent auto-exploring this place.
 F = Levels seen in this place.
 G = Mean time per level.
                   A        B        C        D        E       F      G
               +--------+--------+--------+--------+--------+-----+--------+
         Total |  20863 |  19308 |   1555 |   1257 |  13773 |  20 | 1043.2 |
       Dungeon |  12288 |  11181 |   1107 |    636 |   8347 |  14 |  877.7 |
          Lair |   7586 |   7139 |    447 |    137 |   5191 |   5 | 1517.2 |
      Ice Cave |    989 |    989 |      0 |    484 |    234 |   1 |  989.0 |
               +--------+--------+--------+--------+--------+-----+--------+

Top non-repeatable levels by time:
  Lair:5: 2108 daAuts
  Lair:1: 2049 daAuts
  Lair:4: 1263 daAuts
     D:5: 1220 daAuts
    D:11: 1184 daAuts
  Lair:3: 1106 daAuts
  Lair:2: 1058 daAuts
     D:1: 1038 daAuts
     D:3: 1033 daAuts
     D:9: 1029 daAuts
   IceCv: 989 daAuts
    D:12: 924 daAuts
     D:6: 924 daAuts
    D:10: 894 daAuts
     D:8: 846 daAuts
